 Dungeon Crawl Stone Soup version 0.27-a0-40-g5f2be0e231 (webtiles) character file.

Game seed: 8719074534340301523

79179 wakim the Thaumaturge (level 15, -7/80 HPs)
             Began as a Deep Elf Conjurer on Jan 4, 2021.
             Was a High Priest of Vehumet.
             Mangled by a sphinx (9 damage)
             ... summoned by Kirke
             ... on level 13 of the Dungeon on Jan 5, 2021.
             The game lasted 03:20:08 (30006 turns).

wakim the Thaumaturge (Deep Elf Conjurer)          Turns: 30006, Time: 03:20:09

Health: -7/80      AC:  0    Str:  4    XL:     15   Next: 20%
Magic:  6/35       EV: 18    Int: 30    God:    Vehumet [*****.]
Gold:   1054       SH:  0    Dex: 13    Spells: 8/42 levels left

rFire    . . .     SeeInvis .   (weapon currently unavailable)
rCold    . . .     Faith    .   (shield currently unavailable)
rNeg     . . .     Spirit   .   (armour currently unavailable)
rPois    .         Reflect  .   (helmet currently unavailable)
rElec    .         Harm     .   (cloak currently unavailable)
rCorr    .         Rampage  .   (gloves currently unavailable)
Will     +....                  (boots currently unavailable)
Stlth    ++++......             M - amulet of regeneration
HPRegen  0.63/turn              (ring currently unavailable)
MPRegen  0.24/turn              (ring currently unavailable)

@: about to teleport, pig-form, slowed
A: small
a: Renounce Religion


You were on level 13 of the Dungeon.
You worshipped Vehumet.
Vehumet was extremely pleased with you.
You were a filthy swine.
You visited 3 branches of the dungeon, and saw 20 of its levels.

You collected 1134 gold pieces.
You spent 80 gold pieces at shops.

Inventory:

Hand Weapons
 a - the +8 spear "Owuxzuv" {flame, rC+}
   (You found it on level 4 of the Dungeon)

   It has been specially enchanted to burn those struck by it, causing extra
   injury to most foes and up to half again as much damage against particularly
   susceptible opponents.
   It protects you from cold.
 N - a +3 demon trident
Armour
 d - +0 steam dragon scales
 f - a +1 pair of gloves (melded)
 l - a +0 robe of the Archmagi
 y - a scarf of repulsion (melded)
 A - a +0 pair of boots (melded)
 B - a +1 tower shield of reflection
 G - the +1 robe of Analysis (melded) {rPois Regen+}
   (You found it on level 3 of the Lair of Beasts)

   It protects you from poison.
   It increases your rate of regeneration.
 I - a +1 hat of intelligence (melded)
 P - a +0 kite shield (melded)
Magical Staves
 b - an uncursed staff of cold (melded)
 Q - an uncursed staff of poison
Jewellery
 h - a ring of see invisible (melded)
 j - an uncursed amulet of guardian spirit
 L - a ring of protection from cold (melded)
 M - an amulet of regeneration (around neck)
 R - a +6 ring of dexterity
Wands
 m - a wand of digging (13)
 s - a wand of acid (31)
 u - a wand of disintegration (30)
 x - a wand of paralysis (7)
 K - a wand of flame (46)
Scrolls
 e - 5 scrolls of fear
 o - 4 scrolls of remove curse
 p - 7 scrolls of teleportation
 t - 5 scrolls of identify
 v - 7 scrolls of magic mapping
 z - 2 scrolls of blinking
 E - 2 scrolls of enchant weapon
 F - a scroll of silence {unknown}
 H - 2 scrolls of fog
 O - a scroll of acquirement
 S - a scroll of enchant armour
Potions
 c - 3 potions of brilliance
 g - 4 potions of flight
 k - 11 potions of curing
 n - 3 potions of resistance
 q - a potion of ambrosia
 r - 2 potions of heal wounds
 w - 6 potions of might
 C - 2 potions of magic
 D - 3 potions of berserk rage
 J - 2 potions of haste


   Skills:
 - Level 4.0 Fighting
 - Level 6.0 Dodging
 - Level 10.0 Stealth
 + Level 12.0 Shields
 - Level 14.0 Spellcasting
 * Level 12.8 Conjurations
 + Level 9.6 Hexes
 - Level 8.0 Translocations
 + Level 3.5 Ice Magic
 + Level 5.2 Air Magic
 - Level 8.0 Earth Magic
 - Level 4.0 Poison Magic


You had 8 spell levels left.
You knew the following spells:

 Your Spells              Type           Power        Failure   Level
a - Magic Dart            Conj           100%         0%          1
b - Searing Ray           Conj           100%         0%          2
c - Fulminant Prism       Conj/Hex       36%          1%          4
d - Iskenderun's Mystic   Conj/Tloc      70%          1%          4
e - Stone Arrow           Conj/Erth      100%         1%          3
f - Mephitic Cloud        Conj/Pois/Air  60%          1%          3
g - Blink                 Tloc           N/A          1%          2
h - Gell's Gravitas       Tloc           31%          1%          3
i - Iron Shot             Conj/Erth      35%          1%          6
j - Freezing Cloud        Conj/Ice/Air   29%          5%          6

Your spell library contained the following spells:

 Spells                   Type           Power        Failure   Level
 Iskenderun's Battlesphe  Conj           78%          1%          5
 Apportation              Tloc           100%         1%          1
 Corona                   Hex            75%          1%          1
 Poisonous Vapours        Pois/Air       96%          1%          2
 Conjure Flame            Conj/Fire      56%          1%          3
 Dazzling Flash           Conj/Hex       100%         1%          3
 Lesser Beckoning         Tloc           31%          1%          3
 Portal Projectile        Hex/Tloc       100%         1%          3
 Summon Guardian Golem    Hex/Summ       49%          1%          3
 Teleport Other           Tloc           62%          1%          3
 Passage of Golubria      Tloc           N/A          1%          4
 Animate Skeleton         Necr           42%          2%          1
 Pain                     Necr           84%          2%          1
 Summon Small Mammal      Summ           84%          2%          1
 Call Imp                 Summ           21%          3%          2
 Metabolic Englaciation   Hex/Ice        28%          4%          5
 Call Canine Familiar     Summ           21%          7%          3
 Summon Lightning Spire   Summ/Air       36%          8%          4
 Ice Form                 Ice/Tmut       31%          11%         4
 Summon Ice Beast         Ice/Summ       31%          11%         4
 Summon Forest            Summ/Tloc      22%          12%         5
 Ozocubu's Refrigeration  Ice            21%          21%         6
 Simulacrum               Ice/Necr       15%          86%         6


Dungeon Overview and Level Annotations

Branches:
Dungeon (12/15)            Temple (1/1) D:6            Lair (6/6) D:9
 Shoals (0/4) Lair:2        Snake (0/4) Lair:4        Slime (0/5) Lair:6
    Orc: D:9-12

Altars:
Ashenzari
Cheibriados
Dithmenos
Elyvilon
Fedhas
Gozag
Hepliaklqana
Kikubaaqudgha
Makhleb
Nemelex Xobeh
Okawaru
Qazlal
Ru
Sif Muna
Trog
Uskayaw
Vehumet
Wu Jian
Xom
Yredelemnul
Zin
The Shining One
Jiyva

Shops:
D:4 *   D:5 [   D:6 :

Annotations:
D:8 3 runed translucent doors, MoonlitKnight's ghost, novice MfIE
D:13 Kirke


Message History

Something smites you!
The sphinx casts a spell.
Something smites you!
You're too confused to move!
Kirke points at you and mumbles some strange words.
You feel a momentary urge to oink.
The sphinx mumbles some strange words.
You feel as though you will be slow longer.
You feel less confused.
As you read the scroll of teleportation, it crumbles to dust.
You feel strangely unstable.
The sphinx hits you. x3; The sphinx hits you!!
The sphinx hits you.
* * * LOW HITPOINT WARNING * * *
The sphinx closely misses you. Kirke hits you!!
* * * LOW HITPOINT WARNING * * *
The sphinx completely misses you. The sphinx hits you.
* * * LOW HITPOINT WARNING * * *
The sphinx hits you!
You die...

#......#....#.....#
#......)[...#.....#
#...)).###'##'#####
##...............########
#..(............#..^...#
#...............#......#
#.............†.#......#
##.............H@######'#
#..)..######...h.# #.########
#.....#....#.....# #.........
#.....#....'.....# #.........
#.....#....#.....+ #.........
##.....##...#.....#### #.####'###
...######...###......###.####..#.
...# #......#......#.....)...'.
...# #......#......#.........#.
...# #......#......#....(....#.


You could see Kirke and a sphinx (summoned).

Vanquished Creatures
  Rupert (Lair:3)
  Gastronok (D:9)
  5 hydras
  Harold (D:10)
  A boulder beetle (Lair:3)
  2 centaur warriors (D:13)
  A catoblepas (Lair:4)
  Erica (D:8)
  3 two-headed ogres
  10 death yaks
  Urug (Lair:2)
  Sonja (D:11)
  5 skeletal warriors (D:13)
  A fire crab (shapeshifter) (D:13)
  A fire crab (Lair:5)
  A wolf spider zombie (D:10)
  3 ugly things (D:11)
  A cyclops (D:11)
  A centaur zombie (D:11)
  8 elephants
  8 black mambas
  36 cane toads
  2 centaur skeletons (D:11)
  2 torpor snails
  2 gargoyles
  Maggie (D:7)
  Psyche (D:8)
  13 komodo dragons
  2 rime drakes (Lair:6)
  A troll (D:13)
  A merfolk (D:10)
  A jumping spider (shapeshifter) (D:13)
  4 tyrant leeches (Lair:6)
  2 polar bears
  2 dream sheep (Lair:4)
  25 blink frogs
  3 slime creatures (Lair:6)
  5 wyverns
  5 hogs (D:13)
  A vampire (D:9)
  60 yaks
  A wraith (D:10)
  5 basilisks
  Menkaure (D:6)
  10 vampire mosquitoes
  2 acid dragons
  3 nagas (Lair:4)
  A soldier ant (D:13)
  16 water moccasins
  A sky beast (D:6)
  A black bear (D:10)
  4 ice beasts
  5 orc warriors
  A phantom (D:4)
  An eye of draining (D:11)
  6 ogres
  18 wolves
  10 centaurs
  2 big kobolds
  25 bullfrogs
  2 gnoll sergeants
  A wyvern zombie (D:11)
  4 scorpions
  A water moccasin skeleton (D:7)
  5 killer bees
  3 howler monkeys (D:9)
  8 wights
  2 electric eels
  4 bullfrog zombies
  2 quasits
  4 hounds
  6 jellies
  8 orc priests
  A gnoll shaman (D:7)
  8 iguanas
  A bullfrog skeleton (D:10)
  13 orc wizards
  Natasha (thrice) (D:4)
  7 hell rats (Lair:6)
  4 worker ants
  2 hound skeletons
  A worker ant zombie (D:5)
  A howler monkey skeleton (D:6)
  12 adders
  14 gnolls
  A shadow imp (D:9)
  2 white imps
  An ufetubus (D:6)
  2 oozes
  An adder zombie (D:8)
  2 adder skeletons
  6 worms
  2 dart slugs
  5 leopard geckos
  38 orcs
  6 bats
  7 giant cockroaches
  9 hobgoblins
  4 jackals (D:6)
  3 quokkas
  4 ball pythons
  3 frilled lizards
  5 goblins
  A jackal skeleton (D:4)
  16 kobolds
  A leopard gecko skeleton (D:6)
  3 quokka skeletons
  A quokka zombie (D:7)
  4 rats
  A fulminant prism (D:9)
584 creatures vanquished.

Vanquished Creatures (others)
  A ball python (D:2)
  2 bushes (Lair:6)
  209 fulminant prisms
  56 fungi
  163 plants
431 creatures vanquished.

Grand Total: 1015 creatures vanquished

Notes
Turn   | Place    | Note
-------+----------+-------------------------------------------
     0 | D:1      | wakim the Deep Elf Conjurer began the quest for the Orb.
     0 | D:1      | Reached XP level 1. HP: 10/10 MP: 6/6
   266 | D:1      | Reached XP level 2. HP: 15/15 MP: 4/8
   269 | D:1      | Learned a level 2 spell: Searing Ray
   854 | D:2      | Found a white marble altar of Elyvilon.
   985 | D:2      | Reached skill level 5 in Conjurations
  1049 | D:2      | Reached XP level 3. HP: 13/19 MP: 4/9
  1714 | D:2      | Reached XP level 4. HP: 24/24 MP: 7/10
  1719 | D:2      | Learned a level 4 spell: Fulminant Prism
  2116 | D:2      | Reached skill level 1 in Hexes
  2520 | D:3      | Reached XP level 5. HP: 28/28 MP: 2/11
  2841 | D:3      | Found a hide-covered altar of Uskayaw.
  2890 | D:3      | Noticed a +0 dagger
  2890 | D:3      | Noticed a +0 dagger
  3274 | D:4      | Reached XP level 6. HP: 28/32 MP: 3/12
  3520 | D:4      | Found Ipoof's General Store.
  3679 | D:4      | Reached skill level 4 in Spellcasting
  3689 | D:4      | Bought a potion of curing for 30 gold pieces
  3689 | D:4      | Bought a potion of heal wounds for 50 gold pieces
  3777 | D:4      | Reached XP level 7. HP: 16/36 MP: 3/15
  3993 | D:4      | Got a polished spear
  3994 | D:4      | Identified the +8 spear "Owuxzuv" {flame, rC+} (You found
                  | it on level 4 of the Dungeon)
  4004 | D:4      | Noticed Natasha
  4006 | D:4      | Killed Natasha
  4069 | D:4      | Noticed Natasha
  4072 | D:4      | Killed Natasha
  4085 | D:4      | Noticed Natasha
  4088 | D:4      | Killed Natasha
  4110 | D:5      | Entered Level 5 of the Dungeon
  4122 | D:5      | Found Pisibumi's Antique Armour Emporium.
  4206 | D:5      | Learned a level 4 spell: Iskenderun's Mystic Blast
  4432 | D:5      | Reached skill level 5 in Spellcasting
  4475 | D:5      | You fall into a shaft and drop 2 floors!
  4633 | D:6      | Reached skill level 5 in Dodging
  4633 | D:6      | Reached skill level 1 in Translocations
  4869 | D:6      | Reached XP level 8. HP: 41/41 MP: 10/18
  4878 | D:6      | Reached skill level 6 in Spellcasting
  4971 | D:6      | Reached skill level 5 in Hexes
  5226 | D:6      | Noticed Menkaure
  5832 | D:6      | Found a staircase to the Ecumenical Temple.
  5854 | Temple   | Entered the Ecumenical Temple
  5923 | Temple   | Became a worshipper of Vehumet
  5963 | D:6      | Found Bybuvon's Book Shoppe.
  6150 | D:6      | Found a glowing silver altar of Zin.
  6150 | D:6      | Found a broken altar of Ashenzari.
  7337 | D:7      | Reached XP level 9. HP: 45/45 MP: 15/20
  7353 | D:7      | Reached skill level 5 in Stealth
  7637 | D:7      | Found a shimmering blue altar of Sif Muna.
  7731 | D:7      | Reached skill level 7 in Spellcasting
  7939 | D:7      | Noticed Maggie
  7953 | D:6      | Killed Menkaure
  8240 | D:7      | Reached skill level 1 in Fighting
  8262 | D:7      | Killed Maggie
  8520 | D:7      | Reached skill level 10 in Conjurations
  8522 | D:7      | Reached * piety under Vehumet
  8522 | D:7      | Offered knowledge of Shock by Vehumet.
  8801 | D:8      | Noticed Psyche
  8844 | D:8      | Reached skill level 1 in Shields
  8844 | D:8      | Reached skill level 8 in Spellcasting
  8856 | D:8      | Noticed Erica
  9001 | D:7      | Reached XP level 10. HP: 40/54 MP: 14/24
  9548 | D:8      | Killed Psyche
  9548 | D:8      | Offered knowledge of Foxfire by Vehumet.
  9552 | D:8      | Reached ** piety under Vehumet
  9928 | D:8      | Killed Erica
 10199 | D:8      | Found a runed translucent gate.
 10200 | D:8      | Found a runed translucent gate.
 10201 | D:8      | Found a runed translucent gate.
 10203 | D:8      | Found a viscous altar of Jiyva.
 10203 | D:8      | Noticed MoonlitKnight's ghost (novice MfIE)
 10460 | D:9      | Found a staircase to the Lair.
 10631 | D:8      | Reached skill level 5 in Shields
 11062 | D:9      | Noticed a two-headed ogre
 11411 | D:8      | Killed a two-headed ogre
 11799 | D:9      | Offered knowledge of Ignite Poison by Vehumet.
 11871 | D:9      | Noticed Gastronok
 11872 | D:9      | Reached XP level 11. HP: 61/61 MP: 13/25
 12259 | D:10     | Entered Level 10 of the Dungeon
 12549 | D:9      | Found a blossoming altar of Fedhas.
 12558 | D:9      | Found a sacrificial altar of Ru.
 12890 | D:10     | Reached *** piety under Vehumet
 13140 | D:10     | Noticed Harold
 13221 | D:10     | Killed Harold
 13838 | D:10     | Offered knowledge of Stone Arrow by Vehumet.
 13843 | D:10     | Learned a level 3 spell: Stone Arrow
 14559 | D:11     | Noticed a white ugly thing
 14670 | D:11     | Noticed a two-headed ogre
 14689 | D:11     | Reached skill level 1 in Earth Magic
 14983 | D:11     | Noticed a green ugly thing
 15075 | D:11     | Killed a two-headed ogre
 15481 | D:11     | Reached skill level 9 in Spellcasting
 15526 | D:11     | Reached **** piety under Vehumet
 15627 | D:11     | Noticed a two-headed ogre
 15645 | D:11     | Noticed Sonja
 15655 | D:11     | Noticed a red ugly thing
 15683 | D:11     | Killed a green ugly thing
 15683 | D:11     | Offered knowledge of Mephitic Cloud by Vehumet.
 15683 | D:11     | Killed Sonja
 15867 | D:11     | Killed a purple ugly thing
 15876 | D:11     | Killed a cyan ugly thing
 15877 | D:11     | Reached XP level 12. HP: 66/66 MP: 6/27
 16101 | D:11     | Killed a two-headed ogre
 16492 | D:11     | Learned a level 3 spell: Mephitic Cloud
 16755 | D:9      | Killed Gastronok
 16756 | D:9      | Reached skill level 10 in Spellcasting
 16756 | D:9      | Reached skill level 1 in Air Magic
 16756 | D:9      | Reached skill level 1 in Poison Magic
 16851 | Lair:1   | Entered Level 1 of the Lair of Beasts
 18322 | Lair:2   | Noticed Urug
 18338 | Lair:2   | Killed Urug
 18620 | Lair:2   | Found a staircase to the Shoals.
 18628 | Lair:2   | Found an iron altar of Okawaru.
 18871 | Lair:3   | Reached skill level 10 in Shields
 19290 | Lair:3   | Noticed Rupert
 19308 | Lair:3   | Reached skill level 11 in Spellcasting
 19521 | Lair:3   | Reached skill level 5 in Translocations
 19677 | Lair:3   | Got a creamy pearl robe
 19688 | Lair:3   | Identified the cursed +0 robe "Zauch" {Dex+7} (You found it
                  | on level 3 of the Lair of Beasts)
 19706 | Lair:2   | Identified a scroll of acquirement
 19706 | Lair:2   | Acquired a +1 tower shield of reflection
 19779 | Lair:3   | Killed Rupert
 19780 | Lair:3   | Reached XP level 13. HP: 70/70 MP: 18/30
 19930 | Lair:3   | Got a crude robe
 19941 | Lair:3   | Identified the +1 robe of Analysis {rPois Regen+} (You
                  | found it on level 3 of the Lair of Beasts)
 20802 | Lair:4   | Found a staircase to the Snake Pit.
 21911 | Lair:3   | Reached skill level 12 in Spellcasting
 22030 | Lair:3   | Upgraded the game from 0.27-a0-34-gc18c9092ac to
                  | 0.27-a0-40-g5f2be0e231
 23022 | Lair:4   | Reached skill level 10 in Stealth
 23022 | Lair:4   | Reached skill level 1 in Ice Magic
 23168 | Lair:3   | Acquired the Tome of Necromancy and the Traveller
 23173 | Lair:3   | Learned a level 2 spell: Blink
 23182 | Lair:3   | Learned a level 3 spell: Gell's Gravitas
 23929 | Lair:4   | Reached ***** piety under Vehumet
 24064 | Lair:4   | Offered knowledge of Iron Shot by Vehumet.
 24088 | Lair:4   | Learned a level 6 spell: Iron Shot
 25319 | Lair:5   | Reached XP level 14. HP: 76/76 MP: 26/32
 25351 | Lair:5   | Reached skill level 13 in Spellcasting
 25544 | Lair:6   | Entered Level 6 of the Lair of Beasts
 25712 | Lair:5   | Reached skill level 5 in Earth Magic
 26676 | Lair:6   | Offered knowledge of Irradiate by Vehumet.
 27154 | Lair:6   | Reached skill level 14 in Spellcasting
 27934 | Lair:6   | Found a staircase to the Slime Pits.
 28935 | Lair:6   | Learned a level 6 spell: Freezing Cloud
 29403 | D:12     | You fall into a shaft and drop 1 floor!
 29443 | D:13     | Reached XP level 15. HP: 80/80 MP: 27/35
 29680 | D:13     | Reached skill level 5 in Air Magic
 29813 | D:13     | Noticed Kirke
 29967 | D:13     | Offered knowledge of Iskenderun's Battlesphere by Vehumet.
 29994 | D:13     | Noticed a sphinx
 30006 | D:13     | HP: 2/80 [sphinx[Kirke] (4)]
 30006 | D:13     | Mangled by a sphinx

Illustrated notes

Levels and vault maps discovered:
D:1:      dpeg_arrival_brainrot, layout_rooms
D:2:      layout_basic, elyvilon_altar_4
D:3:      layout_rooms, dancing_weapons_uskayaw, grunt_ministairs_7,
          minivault_24
D:4:      layout_basic, serial_shops, nicolae_shop_competitors_out_of_business,
          uniq_natasha
D:5:      layout_gridville, serial_shops, nicolae_shop_overgrown_old_shop,
          minmay_misc_feat_roman
D:6:      layout_basic, gammafunk_temple_overflow_statue,
          minmay_temple_entry_overgrown, serial_shops, kennysheep_little_box,
          uniq_menkaure
D:7:      layout_basic, led_sif_book, minmay_bent, uniq_maggie
D:8:      layout_rooms, gammafunk_ghost_ooze, uniq_erica, uniq_psyche
D:9:      layout_rooms, fedhas_ov_isle_minmay, minmay_lair_entry_grove,
          nicolae_ru_path_of_blood, uniq_gastronok
D:10:     layout_layer_cave, hangedman_fish_farm, uniq_harold
D:11:     layout_cave_pools, uniq_sonja
D:12:     layout_roguey, david_orc_3, serial_shops, shop_statue,
          serial_bayou_pond_d
D:13:     erik_rubicon_a, layout_gridville, gammafunk_ghost_crypt, uniq_kirke
Temple:   nicolae_temple_x_marks_the_god
Lair:1:   layout_small_grid, st_stairs_6, chequers_serial_rivers_small_b,
          beast_lair_carwin_6
Lair:2:   layout_cave_shapes, shoals_dummy_entry, basic_altar,
          serial_bayou_pond_a, nicolae_quartered_pool_little, uniq_urug
Lair:3:   layout_roguey, grunt_megastairs_4, lemuel_fruit_tree, uniq_rupert
Lair:4:   layout_loops_ring, minmay_snake_entry_guardpost_small,
          grunt_megastairs_2
Lair:5:   layout_cave_shapes, serial_bayou_shore_b
Lair:6:   minmay_lair_end_frog_pond, layout_regular_city,
          minmay_slime_entry_pillars, gauntlet_entry_generic

Skill      XL: |  1  2  3  4  5  6  7  8  9 10 11 12 13 14 15 |
---------------+----------------------------------------------+-----
Stealth        | 3 4 6 7 8 10 | 10.0
Conjurations   | 5 6 7 8 10 12 | 12.8
Dodging        | 3 4 5 6 |  6.0
Hexes          | 2 3 4 6 8 9 |  9.6
Spellcasting   | 4 5 6 8 9 11 12 14 | 14.0
Translocations | 1 3 4 5 7 8 |  8.0
Fighting       | 2 4 |  4.0
Shields        | 1 7 9 10 11 12 | 12.0
Earth Magic    | 2 4 8 |  8.0
Air Magic      | 4 5 |  5.2
Poison Magic   | 4 |  4.0
Ice Magic      | 2 3 |  3.5

Action                   |  1- 3 |  4- 6 |  7- 9 | 10-12 | 13-15 || total
-------------------------+-------+-------+-------+-------+-------++-------
Melee: Short sword       |     3 |       |       |       |       ||     3
       Spear             |       |       |     2 |    21 |    21 ||    44
 Cast: Magic Dart        |    61 |    41 |    36 |    53 |    17 ||   208
       Searing Ray       |     3 |    26 |    51 |    80 |    91 ||   251
       Fulminant Prism   |       |       |    25 |    93 |    92 ||   210
       Iskenderun's Myst |       |       |       |    33 |    83 ||   116
       Stone Arrow       |       |       |       |    74 |   238 ||   312
       Iron Shot         |       |       |       |       |    25 ||    25
       Gell's Gravitas   |       |       |       |       |     5 ||     5
       Blink             |       |       |       |       |     2 ||     2
Evoke: Wand              |       |       |       |       |     3 ||     3
  Use: Scroll            |       |     8 |     4 |     6 |    10 ||    28
       Potion            |       |       |     7 |     1 |       ||     8
Armor: Robe              |       |     5 |     4 |     1 |    26 ||    36
       Steam dragon scal |       |       |       |    23 |       ||    23
Dodge: Dodged            |     6 |    29 |    27 |    98 |   111 ||   271
       Repelled          |       |       |       |     1 |       ||     1
Block: Kite shield       |       |       |       |    65 |    99 ||   164
       Tower shield      |       |       |       |       |    56 ||    56
       Reflection        |       |       |       |       |     3 ||     3

Table legend: (Time is in decaauts)
 A = Elapsed time spent in this place.
 B = Non-inter-level travel time spent in this place.
 C = Inter-level travel time spent in this place.
 D = Time resting spent in this place.
 E = Time spent auto-exploring this place.
 F = Levels seen in this place.
 G = Mean time per level.
                   A        B        C        D        E       F      G
               +--------+--------+--------+--------+--------+-----+--------+
         Total |  30199 |  27702 |   2497 |   6939 |  12242 |  20 | 1509.9 |
       Dungeon |  17729 |  16154 |   1575 |   4029 |   7673 |  13 | 1363.8 |
        Temple |     79 |     70 |      9 |      0 |     57 |   1 |   79.0 |
          Lair |  12390 |  11477 |    913 |   2910 |   4511 |   6 | 2065.0 |
               +--------+--------+--------+--------+--------+-----+--------+

Top non-repeatable levels by time:
  Lair:3: 3352 daAuts
  Lair:6: 2830 daAuts
     D:8: 2553 daAuts
     D:6: 2372 daAuts
  Lair:5: 2203 daAuts
    D:10: 2150 daAuts
     D:7: 1926 daAuts
  Lair:4: 1864 daAuts
     D:9: 1708 daAuts
     D:2: 1439 daAuts
    D:11: 1331 daAuts
  Lair:1: 1276 daAuts
     D:3: 1064 daAuts
     D:5: 919 daAuts
  Lair:2: 862 daAuts
